 Dungeon Crawl Stone Soup version 0.31.0-12-g77e489cdc1 (webtiles) character file.

Game seed: 3770861117448466382

928 spaghetti the Trooper (level 8, -6/83 HPs)
             Began as an Oni Necromancer on Feb 15, 2024.
             Mangled by an orc warrior
             ... wielding a +0 scimitar
              (16 damage)
             ... on level 6 of the Dungeon.
             The game lasted 00:06:59 (5547 turns).

spaghetti the Trooper (Oni Necromancer)             Turns: 5547, Time: 00:06:59

Health: -6/83      AC:  3    Str: 13    XL:     8   Next: 11%
Magic:  14/16      EV:  9    Int: 18    God:
Gold:   312        SH:  0    Dex:  9    Spells: 9/17 levels left

rFire   . . .        i - +2 dagger (venom)
rCold   . . .        (no shield)
rNeg    . . .        a - +0 robe
rPois   .            (helmet restricted)
rElec   .            (no cloak)
rCorr   .            (gloves unavailable)
SInv    .            (boots unavailable)
Will    .....        (no amulet)
Stlth   +            (no ring)
HPRegen 0.33/turn    (no ring)
MPRegen 0.15/turn

%: no passive effects
@: fugue (expiring)
A: large, unfitting armour, horns 1, tough skin 1, double potion healing,
drunken brawling
a: no special abilities


You were on level 6 of the Dungeon.
You visited 1 branch of the dungeon, and saw 6 of its levels.

You collected 312 gold pieces.

Inventory:

Hand Weapons
 e - a +1 short sword of holy wrath
 i - a +2 dagger of venom (weapon)
Missiles
 c - 6 boomerangs
 f - 2 silver javelins
 n - 4 poisoned darts
Armour
 a - a +0 robe (worn)
Jewellery
 o - a ring of wizardry
Wands
 k - a wand of mindburst (5)
 p - a wand of flame (28)
Scrolls
 j - 3 scrolls of poison
Potions
 b - a potion of magic
 g - 3 potions of curing
 l - 4 potions of attraction
 m - 2 potions of lignification


   Skills:
 + Level 6.1 Fighting
 + Level 3.7 Throwing
 - Level 1.7 Dodging
 - Level 1.4 Stealth
 + Level 5.3 Spellcasting
 + Level 5.6 Necromancy


You had 9 spell levels left.
You knew the following spells:

 Your Spells              Type           Power      Damage    Failure   Level
a - Necrotise             Necr           100%       1d9       1%          1
b - Fugue of the Fallen   Necr           25%        N/A       3%          3
c - Animate Dead          Necr           25%        N/A       12%         4

Your spell library contained the following spells:

 Spells                   Type           Power      Damage    Failure   Level
 Vampiric Draining        Necr           25%        2d7       3%          3
 Sting                    Conj/Alch      16%        1d4       13%         1
 Ensorcelled Hibernation  Hex/Ice        8%         N/A       19%         2
 Lesser Beckoning         Tloc           8%         N/A       19%         2
 Mercury Vapours          Alch/Air       8%         N/A       19%         2
 Curse of Agony           Necr           25%        N/A       34%         5
 Gell's Gravitas          Tloc           4%         N/A       36%         3
 Teleport Other           Tloc           4%         N/A       36%         3
 Anguish                  Hex/Necr       7%         N/A       36%         4
 Olgreb's Toxic Radiance  Alch           4%         N/A       77%         4


Dungeon Overview and Level Annotations

Branches:
Dungeon (6/15)
 Temple: D:4-7

Altars:
Fedhas
Kikubaaqudgha


Innate Abilities, Weirdness & Mutations

You are too large for most types of armour.
You have a pair of small horns on your head.
You have tough skin. (AC +1)
You gain doubled healing and magic from potions.
Whenever you drink a healing potion, you attack all around you.


Message History

Unknown command.
You hit the kobold.
You kill the kobold!
The orc throws a boomerang.
The boomerang closely misses you.
An orc priest comes into view. It is wielding a +0 war axe.
You closely miss the orc warrior.
The fallen lash out in pain!
The orc warrior hits you with a +0 scimitar!
You hit the orc warrior.
The orc warrior is poisoned.
Your headbutt misses the orc warrior.
The orc warrior is moderately wounded.
The fallen lash out in pain!
You kill the orc!
The orc warrior barely misses you.
You hit the orc warrior but do no damage.
The orc warrior looks as sick as possible!
You headbutt the orc warrior.
The orc warrior is moderately wounded.
The fallen lash out in pain!
You kill the orc!
The orc warrior barely misses you.
Unknown command.
You puncture the orc warrior!
The orc warrior looks as sick as possible!
The orc warrior is heavily wounded.
The wailing of tortured souls fills the air!
The orc priest mumbles some strange prayers to Beogh against you.
Beogh smites you!
* * * LOW HITPOINT WARNING * * *
The orc warrior hits you with a +0 scimitar!
* * * LOW HITPOINT WARNING * * *
Unknown command.
Unknown command.
Okay, then.
Aiming: Mindburst
Press: ? - help, Shift-Dir - straight line, f - orc warrior
Aim: an orc warrior, wielding a +0 scimitar and wearing a +0 chain mail (severely wounded, extremely poisoned, chance to affect: 64%)
The orc warrior struggles to resist.
You are losing your grip on the fallen.
The orc warrior hits you with a +0 scimitar!
You die...

..### #####
#...##### #.....#
#..##.###
#.......##
#.###.#..########.
#.# #.............
#.# ######.#######
#@# #.#...... #o#
#.#...... #l...$)#
#.#......
.......o.#
#.†######
..........
##.######
..........#
#.......
#######...#
#######. #...# #.
#...# ###†


You could see an orc warrior (extremely poisoned) and an orc priest.

Vanquished Creatures
  A water moccasin (D:5)
  A centaur (D:6)
  A kobold brigand (D:6)
  A bullfrog (D:6)
  2 scorpions
  A bombardier beetle (D:6)
  2 hounds
  2 iguanas
  A sleepcap (D:5)
  Natasha (thrice) (D:3)
  3 orc wizards
  6 adders
  A white imp (D:6)
  4 dart slugs
  2 ribbon worms
  10 orcs
  4 ball pythons
  5 bats
  6 endoplasms
  3 giant cockroaches
  4 goblins
  8 hobgoblins
  A jackal (D:1)
  14 kobolds
  6 quokkas
  3 frilled lizards
  3 rats
98 creatures vanquished.

Vanquished Creatures (collateral kills)
  An adder (D:3)
  An orc (D:3)
2 creatures vanquished.

Grand Total: 100 creatures vanquished

Notes
Turn   | Place    | Note
-------+----------+-------------------------------------------
     0 | D:1      | spaghetti the Oni Necromancer began the quest for the Orb.
     0 | D:1      | Reached XP level 1. HP: 16/16 MP: 3/3
    83 | D:1      | Reached skill level 1 in Fighting
   169 | D:1      | Reached XP level 2. HP: 14/27 MP: 5/5
   638 | D:1      | Reached skill level 2 in Fighting
   822 | D:1      | Reached XP level 3. HP: 27/35 MP: 6/6
   826 | D:1      | Learned a level 3 spell: Fugue of the Fallen
  1814 | D:2      | Reached XP level 4. HP: 26/44 MP: 5/8
  2054 | D:2      | Reached skill level 3 in Fighting
  2186 | D:2      | Learned a level 4 spell: Animate Dead
  2632 | D:3      | Noticed Natasha
  2646 | D:3      | Killed Natasha
  2647 | D:3      | Reached XP level 5. HP: 33/53 MP: 8/10
  2672 | D:3      | Noticed Natasha
  2681 | D:3      | Killed Natasha
  2682 | D:3      | Reached skill level 1 in Throwing
  2867 | D:3      | Noticed Natasha
  2882 | D:3      | Killed Natasha
  3767 | D:4      | Found an ancient bone altar of Kikubaaqudgha.
  3779 | D:4      | Reached skill level 4 in Fighting
  3779 | D:4      | Reached XP level 6. HP: 36/62 MP: 11/11
  3917 | D:4      | Found a blossoming altar of Fedhas.
  4032 | D:5      | Entered Level 5 of the Dungeon
  4032 | D:5      | Noticed a water moccasin
  4107 | D:5      | Killed a water moccasin
  4197 | D:5      | Reached skill level 5 in Necromancy
  4384 | D:5      | Reached XP level 7. HP: 56/71 MP: 10/13
  4554 | D:5      | Reached skill level 5 in Fighting
  5464 | D:6      | Reached skill level 5 in Spellcasting
  5531 | D:6      | Reached XP level 8. HP: 59/83 MP: 11/15
  5540 | D:6      | Reached skill level 6 in Fighting
  5547 | D:6      | Mangled by an orc warrior

Illustrated notes

Levels and vault maps discovered:
D:1:      dpeg_arrival_brainrot, layout_loops_cross, hangedman_decor_growths
D:2:      layout_loops_ring
D:3:      layout_loops_ring, minmay_fractal_squares_diagonal_5, uniq_natasha
D:4:      layout_basic, lemuel_round_altar, mainiacjoe_overflow_alcove_2,
          minivault_4
D:5:      layout_basic, chequers_serial_rivers_micro_b, supply_closet_lemuel
D:6:      layout_basic, nicolae_gozag_seed_capital, grunt_decor_mini_mirrors,
          uniq_edmund

Skill      XL: |  1  2  3  4  5  6  7  8 |
---------------+-------------------------+-----
Fighting       | 1 2 3 4 5 6 |  6.1
Necromancy     | 4 5 |  5.6
Spellcasting   | 3 4 5 |  5.3
Throwing       | 1 2 3 |  3.7
Dodging        | |  1.7
Stealth        | |  1.4

Action                     |  1- 3 |  4- 6 |  7- 9 || total
---------------------------+-------+-------+-------++-------
  Melee: Unarmed           |    70 |       |       ||    70
         Headbutt          |    23 |    22 |    14 ||    59
         Short sword       |    90 |    69 |       ||   159
         Punch             |     1 |       |     1 ||     2
         Dagger            |       |    74 |    95 ||   169
   Cast: Necrotise         |    13 |    20 |     1 ||    34
         Fugue of the Fall |     4 |     5 |     3 ||    12
  Evoke: Wand              |       |     3 |     4 ||     7
    Use: Potion            |     3 |     2 |     3 ||     8
         Scroll            |     2 |     3 |     2 ||     7
   Stab: Sleeping          |     3 |     2 |       ||     5
 Armour: Robe              |   124 |   121 |    89 ||   334
         Skin              |       |     6 |       ||     6
  Dodge: Dodged            |    58 |    83 |    62 ||   203
